 Dungeon Crawl Stone Soup version 0.29-a0-72-g1732ff48e7 (webtiles) character file.

Game seed: 6462463131937253306

2946 HallandMoats the Skirmisher (level 9, -1/49 HPs)
             Began as a Vine Stalker Fighter on Feb 3, 2022.
             Was a Priest of Fedhas.
             Slain by Joseph (10 damage)
             ... on level 7 of the Dungeon.
             The game lasted 00:10:26 (4565 turns).

HallandMoats the Skirmisher (Vine Stalker Fighter)  Turns: 4565, Time: 00:10:27

Health: -1/49      AC:  9    Str: 23    XL:     9   Next: 80%
Magic:  0/14       EV: 11    Int:  8    God:    Fedhas [***...]
Gold:   305        SH:  7    Dex: 20    Spells: 8/8 levels left

rFire   . . .      SeeInvis .   a - +2 spear (flame)
rCold   . . .      Faith    .   c - +1 buckler
rNeg    . . .      Spirit   +   b - +0 scale mail
rPois   .          Reflect  .   l - +0 helmet
rElec   .          Harm     .   (no cloak)
rCorr   .          Rampage  .   (no gloves)
Will    +....                   f - +0 pair of boots
Stlth   ..........              r - amulet of regeneration
HPRegen 1.76/turn               n - +6 ring of dexterity
MPRegen 0.14/turn               (no ring)

@: no status effects
A: fangs 3, regeneration 1, magic shield, antimagic bite, no potion heal 2
a: Renounce Religion, Wall of Briars, Grow Ballistomycete


You were on level 7 of the Dungeon.
You worshipped Fedhas.
Fedhas was most pleased with you.
You visited 1 branch of the dungeon, and saw 7 of its levels.

You collected 305 gold pieces.

Inventory:

Hand Weapons
 a - a +2 spear of flaming (weapon)
Armour
 b - a +0 scale mail (worn)
 c - a +1 buckler (worn)
 f - a +0 pair of boots (worn)
 l - a +0 helmet (worn)
Jewellery
 n - a +6 ring of dexterity (left hand)
 r - an amulet of regeneration (around neck)
Wands
 e - a wand of flame (57)
 m - a wand of paralysis (8)
 o - a wand of charming (7)
 v - a wand of polymorph (8)
Scrolls
 p - 4 scrolls of identify
 s - a scroll of teleportation
 w - 2 scrolls of enchant armour
Potions
 d - a potion of might
 g - 2 potions of flight {unknown}
 h - 9 potions of curing
 i - a potion of heal wounds {unknown}
 j - a potion of ambrosia {unknown}
 k - a potion of lignification {unknown}
 q - 3 potions of degeneration {unknown}
 t - a potion of attraction {unknown}
 u - 2 potions of brilliance {unknown}


   Skills:
 * Level 6.3 Fighting
 * Level 5.9 Polearms
 + Level 4.4 Armour
 + Level 3.4 Dodging
 + Level 4.8 Shields
 * Level 6.0 Invocations


You had 8 spell levels left.
You didn't know any spells.
Your spell library contained the following spells:

 Spells                   Type           Power      Damage    Failure   Level
 Tukima's Dance           Hex            0%         N/A       99%         3
 Anguish                  Hex/Necr       0%         N/A       100%        4
 Enfeeble                 Hex            0%         N/A       100%        7


Dungeon Overview and Level Annotations

Branches:
Dungeon (7/15)             Temple (0/1) D:5

Altars:
Ashenzari
Fedhas
Hepliaklqana
Okawaru
Uskayaw

Annotations:
D:7 Joseph


Innate Abilities, Weirdness & Mutations

You have razor-sharp teeth.
Your natural rate of healing is unusually fast.
When hurt, damage is shared between your health and your magic reserves.
Your bite disrupts and absorbs the magic of your enemies.
Potions cannot restore your health.


Message History

Joseph is heavily wounded.
The centaur shoots an arrow.
The arrow hits you. Joseph hits you with a +0 quarterstaff!
The centaur shoots an arrow.
The arrow hits you! The iguana bites you.
You hit Joseph. You burn Joseph. You bite Joseph! You drain his power.
You feel invigorated.
Joseph is severely wounded.
Joseph closely misses you.
The centaur shoots an arrow.
The arrow closely misses you. The iguana closely misses you.
You hit Joseph. You burn Joseph. Your bite misses Joseph.
Joseph is severely wounded.
The centaur shoots an arrow.
The arrow barely misses you. You block Joseph's attack.
You completely miss Joseph. Your bite misses Joseph.
Joseph is severely wounded.
The iguana closely misses you. Joseph hits you but does no damage.
You hit Joseph but do no damage. You bite Joseph, but do no damage.
Joseph is severely wounded.
The iguana misses you.
The centaur shoots an arrow.
The arrow hits you! You block Joseph's attack.
You puncture Joseph! You burn Joseph. You bite Joseph, but do no damage.
Joseph is almost dead.
The centaur shoots an arrow.
The arrow barely misses you. The iguana barely misses you.
You completely miss Joseph. Your bite misses Joseph.
Joseph is almost dead.
The centaur shoots an arrow.
The arrow closely misses you. Joseph hits you with a +0 quarterstaff.
The iguana bites you but does no damage.
You hit Joseph. You burn Joseph.
Joseph is almost dead.
The centaur shoots an arrow.
The arrow hits you. Joseph closely misses you.
The centaur shoots an arrow.
The arrow hits you!
* * * LOW HITPOINT WARNING * * *
The iguana bites you but does no damage.
You hit Joseph. You burn Joseph. Your bite misses Joseph.
Joseph is almost dead.
Joseph hits you with a +0 quarterstaff!
You die...
Fedhas appreciates your contribution to the ecosystem.

..# #####.#####
#.#.#.#.#.###
...........##
#.#.#.#.#.#.#..
.............#
.#.#.#<#.#.##
..c.(..c.....#
#.#.#.#.#.#@##
#.#...l@# #
##.#### ...#
..##.# .. ... .
##


You could see Joseph, a centaur and an iguana.

Vanquished Creatures
  A two-headed ogre (D:5)
  An unseen horror (D:5)
  Prince Ribbit (D:6)
  Grinder (D:6)
  Eustachio (D:4)
  Duvessa (D:6)
  A black bear (D:6)
  An orc warrior (D:5)
  A phantom (D:6)
  A kobold brigand (D:4)
  A bullfrog (D:6)
  A gnoll sergeant (D:5)
  3 scorpions
  A water moccasin zombie (D:5)
  A water moccasin skeleton (D:5)
  Dowan (D:6)
  A howler monkey (D:5)
  2 bullfrog zombies
  4 hounds
  A jelly (D:4)
  An orc priest (D:3)
  A bullfrog skeleton (D:5)
  2 iguanas (D:6)
  An orc wizard (D:3)
  A howler monkey zombie (D:5)
  6 gnolls
  4 adders
  A white imp (D:6)
  An ufetubus (D:4)
  2 dart slugs
  6 orcs
  8 ball pythons
  7 endoplasms
  7 giant cockroaches
  4 goblins
  10 hobgoblins
  13 jackals
  4 quokkas
  3 bats (D:1)
  5 frilled lizards
  8 kobolds
  6 rats
127 creatures vanquished.

Vanquished Creatures (collateral kills)
  A scorpion (D:6)
  2 gnolls (D:4)
  An adder (D:6)
4 creatures vanquished.

Grand Total: 131 creatures vanquished

Notes
Turn   | Place    | Note
-------+----------+-------------------------------------------
     0 | D:1      | HallandMoats the Vine Stalker Fighter began the quest for
                  | the Orb.
     0 | D:1      | Reached XP level 1. HP: 11/11 MP: 2/2
   163 | D:1      | Reached XP level 2. HP: 16/16 MP: 1/3
   327 | D:1      | Found a faded altar of an unknown god.
   333 | D:1      | Prayed at the altar of an unknown god.
   333 | D:1      | Became a worshipper of Fedhas Madash
   333 | D:1      | Reached * piety under Fedhas
   563 | D:1      | Reached XP level 3. HP: 15/19 MP: 4/4
   828 | D:1      | Reached skill level 1 in Invocations
  1086 | D:1      | Gained mutation: Your natural rate of healing is unusually
                  | fast. [Vine Stalker growth]
  1086 | D:1      | Reached XP level 4. HP: 13/24 MP: 2/5
  1172 | D:2      | Reached ** piety under Fedhas
  1506 | D:2      | Reached XP level 5. HP: 28/28 MP: 7/7
  1766 | D:3      | Reached skill level 1 in Dodging
  2431 | D:4      | Reached XP level 6. HP: 32/32 MP: 4/8
  2486 | D:4      | Reached *** piety under Fedhas
  2635 | D:4      | Noticed Eustachio
  2666 | D:4      | Killed Eustachio
  2667 | D:4      | Reached XP level 7. HP: 33/37 MP: 6/10
  2979 | D:5      | Entered Level 5 of the Dungeon
  2984 | D:5      | Found a staircase to the Ecumenical Temple.
  3290 | D:5      | Found a hazy altar of Hepliaklqana.
  3363 | D:5      | Found a transporter.
  3363 | D:5      | Found a broken altar of Ashenzari.
  3367 | D:5      | Noticed a two-headed ogre
  3445 | D:5      | Found a hide-covered altar of Uskayaw.
  3476 | D:5      | Found a transporter.
  3622 | D:5      | Killed an unseen horror
  3623 | D:5      | Gained mutation: You have razor-sharp teeth. [Vine Stalker
                  | growth]
  3623 | D:5      | Reached XP level 8. HP: 20/42 MP: 10/12
  3636 | D:5      | Reached skill level 5 in Fighting
  3783 | D:5      | HP: 1/43 [orc warrior (6)]
  3816 | D:5      | Killed a two-headed ogre
  3817 | D:5      | Reached skill level 5 in Polearms
  3817 | D:5      | Reached skill level 5 in Invocations
  3817 | D:5      | Reached XP level 9. HP: 41/47 MP: 13/13
  3876 | D:6      | Found an iron altar of Okawaru.
  3876 | D:6      | Noticed Grinder
  3876 | D:6      | Noticed Prince Ribbit
  3902 | D:6      | Killed Grinder
  3913 | D:6      | Killed Prince Ribbit
  4139 | D:6      | Noticed Dowan
  4161 | D:6      | Killed Dowan
  4179 | D:6      | Noticed Duvessa
  4210 | D:6      | Killed Duvessa
  4547 | D:7      | Noticed Joseph
  4565 | D:7      | Slain by Joseph

Illustrated notes

Levels and vault maps discovered:
D:1:      amcnicky_arrival_blooded_trapdoor, layout_basic,
          dreamdust_ecumenical_altar_angels_and_demons
D:2:      layout_basic
D:3:      layout_basic, serial_curves, eino_curves_04, eino_curves_03
D:4:      nicolae_cairo_tiling_very_big, layout_gridville,
          nicolae_overflow_hidden_temple, uniq_eustachio
D:5:      kennysheep_big_flooded_room, layout_loops_ring,
          eat_drink_and_be_merry_uskayaw, mainiacjoe_overflow_tiny_flanked,
          gammafunk_temple_overflow_arena, kennysheep_doodads,
          cheibrodos_gnoll_hut
D:6:      layout_loops_ring, okawaru_trees_1, uniq_duvessa, uniq_prince_ribbit1,
          uniq_grinder
D:7:      layout_loops_corners, kennysheep_mini_moat, minitemple, serial_shops,
          shop, shop, st_stairs_12, nicolae_shop_gadgets, uniq_joseph

Skill      XL: |  1  2  3  4  5  6  7  8  9 |
---------------+----------------------------+-----
Polearms       | 2 3 4 5 |  5.9
Fighting       | 3 4 5 6 |  6.3
Invocations    | 1 2 3 4 5 6 |  6.0
Shields        | 3 4 |  4.8
Dodging        | 1 2 3 |  3.4
Armour         | 3 4 |  4.4

Action                   |  1- 3 |  4- 6 |  7- 9 || total
-------------------------+-------+-------+-------++-------
Melee: Trident           |    79 |     6 |       ||    85
       Bite              |    17 |    40 |    57 ||   114
       Spear             |       |   182 |   193 ||   375
Invok: Wall of Briars    |       |     1 |     4 ||     5
  Use: Scroll            |       |       |     9 ||     9
       Potion            |       |       |     1 ||     1
Armor: Scale mail        |    29 |    48 |    52 ||   129
Dodge: Dodged            |    32 |    48 |    72 ||   152
Block: Buckler           |    10 |    25 |    40 ||    75

Table legend: (Time is in decaauts)
 A = Elapsed time spent in this place.
 B = Non-inter-level travel time spent in this place.
 C = Inter-level travel time spent in this place.
 D = Time resting spent in this place.
 E = Time spent auto-exploring this place.
 F = Levels seen in this place.
 G = Mean time per level.
                   A        B        C        D        E       F      G
               +--------+--------+--------+--------+--------+-----+--------+
         Total |   4568 |   4413 |    155 |    169 |   3204 |   7 |  652.6 |
       Dungeon |   4568 |   4413 |    155 |    169 |   3204 |   7 |  652.6 |
               +--------+--------+--------+--------+--------+-----+--------+

Top non-repeatable levels by time:
     D:1: 1125 daAuts
     D:5: 883 daAuts
     D:6: 666 daAuts
     D:3: 652 daAuts
     D:2: 638 daAuts
     D:4: 586 daAuts
     D:7: 15 daAuts
